 Dungeon Crawl Stone Soup version 0.27-a0-54-g64bdb92e38 (webtiles) character file.

Game seed: 6194620743405170863

17 kae the Insei (level 2, -2/23 HPs)
             Began as a Demonspawn Gladiator on Jan 7, 2021.
             Slain by an adder (3 damage)
             ... on level 2 of the Dungeon.
             The game lasted 00:00:29 (1073 turns).

kae the Insei (Demonspawn Gladiator)                Turns: 1073, Time: 00:00:30

Health: -2/23      AC:  6    Str: 14    XL:     2   Next: 44%
Magic:  2/2        EV: 12    Int:  9    God:
Gold:   45         SH:  0    Dex: 14    Spells: 1/1 levels left

rFire    . . .     SeeInvis .     - Unarmed
rCold    . . .     Faith    .   (no shield)
rNeg     . . .     Spirit   .   a - +0 leather armour
rPois    .         Reflect  .   b - +0 helmet
rElec    .         Harm     .   (no cloak)
rCorr    .         Rampage  +   (no gloves)
Will     .....                  m - +1 pair of boots {rampage}
Stlth    +.........             (no amulet)
HPRegen  0.07/turn              (no ring)
MPRegen  0.08/turn              (no ring)

@: lethally poisoned (-2 -> -9)
A: hooves 1
a: no special abilities


You were on level 2 of the Dungeon.
You visited 1 branch of the dungeon, and saw 2 of its levels.

You collected 45 gold pieces.

Inventory:

Missiles
 c - 3 throwing nets (quivered)
Armour
 a - a +0 leather armour (worn)
 b - a +0 helmet (worn)
 m - a +1 pair of boots of rampaging (worn)
Jewellery
 l - an uncursed amulet of faith {unknown}
 n - an uncursed ring of see invisible {unknown}
Scrolls
 d - a scroll of teleportation {unknown}
 f - 2 scrolls of identify {unknown}
 g - 2 scrolls of remove curse {unknown}
 h - a scroll of noise {unknown}
 j - a scroll of blinking {unknown}
 k - 2 scrolls of magic mapping {unknown}
Potions
 i - a potion of curing


   Skills:
 + Level 2.4 Fighting
 - Level 1.7 Throwing
 - Level 2.6 Dodging
 * Level 3.2 Unarmed Combat


You had one spell level left.
You didn't know any spells.
Your spell library was empty.

Dungeon Overview and Level Annotations

Branches:
Dungeon (2/15)

Altars:
Xom


Innate Abilities, Weirdness & Mutations

You have large cloven feet.


Message History

The adder hisses angrily.
You hit the frilled lizard.
You kill the frilled lizard!
Found 3 gold pieces.
The adder bites you but does no damage.
You closely miss the adder. The adder bites you. x2
* * * LOW HITPOINT WARNING * * *
You closely miss the adder.
The adder bites you but does no damage. x2
You closely miss the adder. The adder bites you but does no damage.
The adder barely misses you.
You hit the adder.
The adder is moderately wounded.
The adder barely misses you. x2
You closely miss the adder.
The adder is moderately wounded.
The adder bites you.
* * * LOW HITPOINT WARNING * * *
You are lethally poisoned!
The adder poisons you! The adder bites you.
You die...

$.... ..... . ...... .#
#..... . #.....# .#
.......##########.#
.....(.S@..........
.......S.....##.#
#.....######....#########
##.<. #..##..........
#########..#############
#..<...# #.###### #.# #.#


You could see 2 adders.

Vanquished Creatures
  A worm (D:2)
  A dart slug (D:1)
  2 goblins (D:1)
  A hobgoblin (D:2)
  3 kobolds
  A bat (D:1)
  3 frilled lizards
  A rat (D:2)
13 creatures vanquished.

Notes
Turn   | Place    | Note
-------+----------+-------------------------------------------
     0 | D:1      | kae the Demonspawn Gladiator began the quest for the Orb.
     0 | D:1      | Reached XP level 1. HP: 16/16 MP: 1/1
   490 | D:1      | Found a shimmering altar of Xom.
   624 | D:1      | Reached skill level 3 in Unarmed Combat
   731 | D:1      | Gained mutation: You have large cloven feet. [demonic
                  | ancestry]
   731 | D:1      | Reached XP level 2. HP: 21/22 MP: 2/2
  1073 | D:2      | HP: 1/23 [adder (5)]
  1073 | D:2      | Slain by an adder

Illustrated notes

Levels and vault maps discovered:
D:1:      dpeg_arrival_rhombus, layout_basic, minmay_misc_feat_encased,
          xom_teletrap_fun
D:2:      layout_rooms, grunt_qazlal_clouds

Skill      XL: |  1 |
---------------+----+-----
Unarmed Combat | 3 |  3.2
Fighting       | |  2.4
Throwing       | |  1.7
Dodging        | |  2.6

Action                   || total
-------------------------++-------
Melee: Unarmed           ||    67
  Use: Potion            ||     2
 Stab: Sleeping          ||     2
Armor: Leather armour    ||    22
Dodge: Dodged            ||    34

Table legend: (Time is in decaauts)
 A = Elapsed time spent in this place.
 B = Non-inter-level travel time spent in this place.
 C = Inter-level travel time spent in this place.
 D = Time resting spent in this place.
 E = Time spent auto-exploring this place.
 F = Levels seen in this place.
 G = Mean time per level.
                   A        B        C        D        E       F      G
               +--------+--------+--------+--------+--------+-----+--------+
         Total |   1068 |   1057 |     11 |      0 |    927 |   2 |  534.0 |
       Dungeon |   1068 |   1057 |     11 |      0 |    927 |   2 |  534.0 |
               +--------+--------+--------+--------+--------+-----+--------+

Top non-repeatable levels by time:
     D:1: 852 daAuts
     D:2: 216 daAuts
